 Dungeon Crawl Stone Soup version 0.31-a0-1002-g8e65716e6e (webtiles) character file.

Game seed: 13964576045520604344

801 BinkBink the Shield-Bearer (level 7, 0/49 (55) HPs)
             Began as a Minotaur Fighter on Nov 10, 2023.
             Was an Initiate of Okawaru.
             Slain by Eustachio
             ... wielding a +6 rapier of draining
              (7 damage)
             ... on level 5 of the Dungeon.
             The game lasted 00:07:05 (4138 turns).

BinkBink the Shield-Bearer (Minotaur Fighter)       Turns: 4138, Time: 00:07:05

HP:   0/49 (55)     AC: 10    Str: 20    XL:     7   Next: 59%
MP:   6/6           EV: 11    Int:  5    God:    Okawaru [......]
Gold: 262           SH:  5    Dex: 12    Spells: 6/6 levels left

rFire   . . .        a - +0 war axe
rCold   . . .        c - +0 buckler
rNeg    . . .        b - +0 scale mail
rPois   .            (helmet restricted)
rElec   .            i - +0 cloak
rCorr   .            s - +0 pair of gloves
SInv    .            (no boots)
Will    .....        (no amulet) Stlth
                     (no ring)
HPRegen 0.28/turn    (no ring)
MPRegen 0.10/turn

%: no passive effects
@: heavily drained
A: horns 2, retaliatory headbutt, frail 1, wild magic 1
a: Renounce Religion


You were on level 5 of the Dungeon.
You worshipped Okawaru.
Okawaru was noncommittal.
You visited 2 branches of the dungeon, and saw 6 of its levels.
You also visited: Ossuary.

You collected 262 gold pieces.

Inventory:

Hand Weapons
 a - a +0 war axe (weapon)
Missiles
 m - a throwing net
Armour
 b - a +0 scale mail (worn)
 c - a +0 buckler (worn)
 i - a +0 cloak (worn)
 s - a +0 pair of gloves (worn)
Jewellery
 u - an amulet of the acrobat
Wands
 t - a wand of roots (12)
Scrolls
 e - a scroll of enchant weapon {unknown}
 f - a scroll of noise {unknown}
 g - a scroll of fear {unknown}
 h - 4 scrolls of teleportation {unknown}
 j - a scroll of amnesia {unknown}
 k - a scroll of fog {unknown}
 l - 2 scrolls of identify {unknown}
 p - 2 scrolls of poison {unknown}
Potions
 d - 3 potions of might
 n - a potion of haste {unknown}
 o - 2 potions of enlightenment {unknown}
 q - a potion of attraction
 r - a potion of berserk rage {unknown}


   Skills:
 + Level 5.7 Fighting
 + Level 5.0 Axes
 + Level 5.7 Armour
 + Level 3.8 Dodging
 + Level 5.8 Shields
 + Level 1.1 Invocations


You had 6 spell levels left.
You didn't know any spells.
Your spell library contained the following spells:

 Spells                   Type           Power      Damage    Failure   Level
 Magic Dart               Conj           0%         1d3       90%         1
 Mephitic Cloud           Conj/Pois/Air  0%         N/A       99%         3
 Call Imp                 Summ           Unusable   N/A       N/A         2

Dungeon Overview and Level Annotations

Branches:
Dungeon (5/15)             Temple (1/1) D:4         Ossuary (visited)

Altars:
Ashenzari
Cheibriados
Dithmenos
Elyvilon
Fedhas
Gozag
Hepliaklqana
Kikubaaqudgha
Makhleb
Okawaru
Sif Muna
Trog
Uskayaw
Vehumet
Wu Jian
Yredelemnul
Zin

Shops:
D:3 (   D:4 **

Annotations:
D:5 Eustachio


Innate Abilities, Weirdness & Mutations

You have a pair of horns on your head.
You reflexively headbutt those who attack you in melee.
You are frail. (-10% HP)
Your spells are a little harder to cast, but a little more powerful.


Message History

The shadow imp hits you but does no damage.
Eustachio utters an oath, "I will die for my friends!"
Eustachio mumbles some strange words.
You slash the shadow imp!
You kill the shadow imp!
The shadow imp disappears in a puff of smoke!
You barely miss the ogre. You hit the iron imp but do no damage.
You barely miss the ufetubus. You hit Eustachio.
You block the ufetubus's attack. The ufetubus barely misses you.
The ogre closely misses you.
Eustachio hits you with a +6 rapier of draining!
You feel drained. The iron imp hits you. The ufetubus hits you.
The ufetubus hits you but does no damage.
You barely miss the ogre.
The ogre is moderately wounded.
You closely miss Eustachio. You barely miss the iron imp.
You closely miss the ufetubus. You block the ufetubus's attack.
The ufetubus closely misses you.
Eustachio hits you with a +6 rapier of draining.
You feel drained. The ogre closely misses you.
The iron imp hits you but does no damage.
You are too injured to fight recklessly!
Unknown command.
You are too injured to fight recklessly!
You hit the ogre.
You headbutt the ogre, but do no damage.
The ogre is heavily wounded.
You hit the iron imp. You hit the ufetubus. You hit Eustachio but do no damage.
The ufetubus slips past you! The ufetubus misses you.
The ufetubus closely misses you.
Eustachio mumbles some strange words.
The ufetubus hits you but does no damage. x2
The ogre hits you with a +0 giant club!
* * * LOW HITPOINT WARNING * * *
The iron imp closely misses you.
The ufetubus disappears in a puff of smoke!
Eustachio attacks as he pursues you!
Eustachio hits you with a +6 rapier of draining!
You die...
Eustachio says, "Such is the fate of all honourless rascals."

#####.....#
........### ###.[####
.#........
.....##....###########
.##... ....5..5.....#
####... ..(....O...# #
...## . ##@.# # ..##
#§5@# .## #..# #...#
..# #.....
####...###.)## ...#
#⌠.#.+##.⌠...# ##.#
#....)....# # ...#
##.......#.##..# ####
...........#...#
#...+..._..†'...+ #
#...#.......#.....#


You could see Eustachio, an ogre, an iron imp (summoned), a quasit (summoned)
and a white imp (summoned).

Vanquished Creatures
  An ogre (D:5)
  3 elf zombies (Ossuary)
  2 scorpions (D:4)
  A centaur zombie (Ossuary)
  A human zombie (Ossuary)
  An iguana (D:4)
  2 orc wizards (D:5)
  2 mummies (Ossuary)
  8 gnolls (D:4)
  6 adders
  An adder zombie (Ossuary)
  A worm (D:2)
  A dart slug (D:1)
  4 orcs
  5 endoplasms
  5 giant cockroaches
  A goblin (D:1)
  7 hobgoblins
  6 kobolds
  3 quokkas
  6 ball pythons
  3 bats
  A frilled lizard (D:3)
  A goblin zombie (Ossuary)
  12 hobgoblin zombies (Ossuary)
  2 jackal zombies (Ossuary)
  9 kobold zombies (Ossuary)
  7 orc zombies (Ossuary)
  8 rats
110 creatures vanquished.

Notes
Turn   | Place    | Note
-------+----------+-------------------------------------------
     0 | D:1      | BinkBink the Minotaur Fighter began the quest for the Orb.
     0 | D:1      | Reached XP level 1. HP: 19/19 MP: 0/0
   182 | D:1      | Reached XP level 2. HP: 27/27 MP: 1/1
   516 | D:1      | Reached skill level 1 in Dodging
   707 | D:2      | Found a faded altar of an unknown god.
   794 | D:2      | Reached XP level 3. HP: 28/33 MP: 2/2
  1018 | D:2      | Found a faded altar of an unknown god.
  1491 | D:3      | Found Wilofug's Antique Weapon Shoppe.
  2107 | D:4      | Noticed a scorpion
  2113 | D:4      | Killed a scorpion
  2114 | D:4      | Reached XP level 4. HP: 35/41 MP: 3/3
  2187 | D:4      | Reached XP level 5. HP: 12/47 MP: 4/4
  2198 | D:4      | Found a hide-covered altar of Uskayaw.
  2307 | D:4      | Found Uses's CLEARANCE SALE!.
  2350 | D:4      | HP: 1/47 [iguana (10)]
  2375 | D:4      | Gained mutation: Your spells are a little harder to cast,
                  | but a little more powerful. [potion of mutation]
  2375 | D:4      | Gained mutation: You are frail. (-10% HP) [potion of
                  | mutation]
  2376 | D:4      | HP: 2/42 [poisoned by an adder]
  2415 | D:4      | Found a sand-covered staircase.
  2422 | Ossuary  | Entered an ossuary
  2560 | Ossuary  | Reached XP level 6. HP: 49/49 MP: 5/5
  2669 | Ossuary  | Reached skill level 5 in Fighting
  2669 | Ossuary  | Reached skill level 5 in Shields
  2671 | Ossuary  | Reached skill level 5 in Armour
  2828 | Ossuary  | Reached XP level 7. HP: 36/54 MP: 6/6
  3132 | D:4      | Found a staircase to the Ecumenical Temple.
  3140 | Temple   | Entered the Ecumenical Temple
  3267 | Temple   | Became a worshipper of Warmaster Okawaru
  3297 | D:4      | Found Jizxebymna's General Store.
  3529 | D:4      | Found a hazy altar of Hepliaklqana.
  3584 | D:5      | Entered Level 5 of the Dungeon
  3613 | D:5      | HP: 2/54 [poisoned by an orc]
  4104 | D:5      | Found a broken altar of Ashenzari.
  4124 | D:5      | Reached skill level 5 in Axes
  4124 | D:5      | Reached skill level 1 in Invocations
  4129 | D:5      | Noticed Eustachio
  4138 | D:5      | Slain by Eustachio

Illustrated notes

Levels and vault maps discovered:
D:1:      shiori_arrival_maze, layout_loops_cross, st_stairs_8
D:2:      layout_rooms, dreamdust_ecumenical_altar_statues,
          hangedman_decor_riveting, item_on_display_a
D:3:      layout_loops_ring, serial_shops, shop
D:4:      layout_loops_ring, mainiacjoe_overflow_two_lobes,
          minmay_temple_entry_crystal_x, nicolae_ossuary_entry_ruins,
          serial_shops, shop, nicolae_shop_clearance
D:5:      layout_rooms, evilmike_ruin_ashenzari, uniq_eustachio
Temple:   minmay_temple_curvy_branch

Skill      XL: |  1  2  3  4  5  6  7 |
---------------+----------------------+-----
Dodging        | 1 2 3 |  3.8
Shields        | 4 5 |  5.8
Armour         | 4 5 |  5.7
Fighting       | 4 5 |  5.7
Axes           | 3 4 5 |  5.0
Invocations    | 1 |  1.1

Action                     |  1- 3 |  4- 6 |  7- 9 || total
---------------------------+-------+-------+-------++-------
  Melee: War axe           |    86 |   126 |    48 ||   260
         Headbutt          |    10 |    33 |    11 ||    54
    Use: Potion            |       |     3 |       ||     3
 Armour: Scale mail        |    40 |    92 |    41 ||   173
  Dodge: Dodged            |    41 |    70 |    22 ||   133
  Block: Buckler           |    25 |    30 |    18 ||    73

Table legend: (Time is in decaauts)
 A = Elapsed time spent in this place.
 B = Non-inter-level travel time spent in this place.
 C = Inter-level travel time spent in this place.
 D = Time resting spent in this place.
 E = Time spent auto-exploring this place.
 F = Levels seen in this place.
 G = Mean time per level.
                   A        B        C        D        E       F      G
               +--------+--------+--------+--------+--------+-----+--------+
         Total |   4225 |   3972 |    253 |    125 |   2804 |   7 |  603.6 |
       Dungeon |   3448 |   3331 |    117 |      5 |   2635 |   5 |  689.6 |
        Temple |    152 |     16 |    136 |      0 |      0 |   1 |  152.0 |
       Ossuary |    624 |    624 |      0 |    120 |    169 |   1 |  624.0 |
               +--------+--------+--------+--------+--------+-----+--------+

Top non-repeatable levels by time:
     D:4: 955 daAuts
     D:2: 768 daAuts
     D:3: 724 daAuts
     D:1: 637 daAuts
 Ossuary: 624 daAuts
     D:5: 362 daAuts
  Temple: 152 daAuts
